AoeStats
← thecartelflow

Pilgrims

509773532Analyzed
2v2 RM · 6d ago on Sep 28, 2026· 55m 20s· 4 players
Game mode
Random Map
Map size
Medium (4 player)
Population
200
Speed
Normal
Resources
Standard
Victory
Conquest
Starting age
Dark Age
Ending age
Imperial Age
RankedLock teamsTeams togetherTeam positionsShared explorationLock speedFull tech treeHidden civsTurbo modeCheats
Victory
Defeat
🇨🇴 Mongols · Colombia
838
+40
🇺🇸 Burgundians · United States
806
+20
🇮🇳 Hindustanis · India
839
-17
🇺🇸 Japanese · United States
816
-42
u5500393
11:49 Feudal Age
12:43 Horse Collar
20:05 Castle Age
20:55 Bloodlines
21:18 Light Cavalry
21:59 Husbandry
29:47 Medium Warships
30:11 Caravan
30:41 Coinage
30:49 Wheelbarrow
30:00 Loom
33:39 Murder Holes
34:04 Ballistics
41:49 Scale Barding Armor
41:35 Fletching
41:56 Forging
44:50 Thumb Ring
45:09 Chain Barding Armor
44:44 Bodkin Arrow
47:13 Nomads
50:11 Imperial Age
48:03 Hand Cart
51:31 Heavy Warships
51:15 Hussar
53:06 Hoardings
54:29 Iron Casting
53:55 Padded Archer Armor
53:55 Scale Mail Armor
MozamMax
1:31 Double-Bit Axe
6:12 Loom
14:22 Feudal Age
16:19 Town Watch
17:10 Wheelbarrow
17:30 Bow Saw
20:52 Hand Cart
22:08 Gold Mining
22:02 Horse Collar
26:55 Castle Age
25:18 Scale Barding Armor
25:50 Caravan
26:07 Forging
27:41 Husbandry
27:02 Cavalier
28:32 Arson
28:08 Man-at-Arms
28:12 Pikeman
28:53 Squires
29:42 Fervor
30:51 Squires
31:14 Chain Barding Armor
31:33 Long Swordsman
32:55 Iron Casting
32:23 Scale Mail Armor
32:59 Iron Casting
36:14 Chain Mail Armor
37:20 Gold Shaft Mining
36:36 Stone Mining
53:22 Medium Warships
54:04 Town Patrol
56:39 Imperial Age
thecartelflow
5:53 Loom
17:14 Feudal Age
19:50 Arson
34:22 Wheelbarrow
34:51 Bloodlines
36:37 Man-at-Arms
VCBlade
6:10 Loom
13:25 Feudal Age
13:53 Fishing Lines
14:05 Fishing Lines
14:17 Double-Bit Axe
14:14 Horse Collar
16:05 Wheelbarrow
16:19 Town Watch
20:16 Castle Age
20:57 Gillnets
23:07 Pikeman
23:48 Squires
23:58 Scale Barding Armor
23:54 Scale Mail Armor
23:45 Fletching
24:11 Forging
24:35 Bow Saw
25:23 Hand Cart
28:10 Chain Mail Armor
27:51 Bodkin Arrow
28:31 Iron Casting
27:59 Padded Archer Armor
29:40 Heavy Plow
32:13 Leather Archer Armor
32:03 Scale Barding Armor
32:10 Gold Mining
32:10 Stone Mining
38:38 Imperial Age
42:52 Bracer
Connection lost

Rejoining the realm…

Still unreachable

The connection could not be restored.

Session expired

The server has moved on; the page needs a fresh start.